 Dungeon Crawl Stone Soup version 0.21.1-1-g345015f (webtiles) character file.

776 Fang the Chopper (level 7, -3/66 HPs)
             Began as a Gargoyle Berserker on June 20, 2018.
             Was a Priest of Trog.
             Slain by an orc warrior
             ... wielding a cursed -1 flail
              (14 damage)
             ... on level 6 of the Dungeon.
             The game lasted 00:04:12 (4867 turns).

Fang the Chopper (Gargoyle Berserker)               Turns: 4867, Time: 00:04:13

Health: -3/66      AC:  7    Str: 28    XL:     7   Next: 84%
Magic:  7/7        EV: 13    Int:  7    God:    Trog [***...]
Gold:   214        SH:  0    Dex:  9    Spells: 6/6 levels left

rFire    . . .     SeeInvis .   a - +0 hand axe
rCold    . . .     Gourm    .   (no shield)
rNeg     + . .     Faith    .   b - +0 animal skin
rPois    ∞         Spirit   .   (no helmet)
rElec    +         Reflect  .   (no cloak)
rCorr    .         Harm     .   (no gloves)
MR       .....                  (no boots)
Stlth    ..........             (no amulet)
HPRegen  0.21/turn              (no ring)
MPRegen  0.10/turn              (no ring)

@: berserking, very quick
A: negative energy resistance 1, electricity resistance, unbreathing,
petrification resistance, rot immunity, AC +4
a: Berserk, Trog's Hand, Burn Spellbooks, Renounce Religion


You were on level 6 of the Dungeon.
You worshipped Trog.
Trog was most pleased with you.
You were near starving.

You visited 1 branch of the dungeon, and saw 6 of its levels.

You collected 214 gold pieces.

Inventory:

Hand Weapons
 a - a +0 hand axe (weapon)
Armour
 b - a +0 animal skin (worn)
Jewellery
 e - an uncursed amulet of rage {unknown}
Scrolls
 d - 2 scrolls of noise {unknown}
 f - 6 scrolls of identify {unknown}
 g - 2 scrolls of enchant weapon {unknown}
 h - 2 scrolls of remove curse {unknown}
 m - a scroll of fog {unknown}
 o - 3 scrolls of teleportation {unknown}
 p - 2 scrolls of magic mapping {unknown}
Potions
 i - a potion of magic {unknown}
 j - a potion of resistance {unknown}
 k - 2 potions of invisibility {unknown}
 l - a potion of degeneration {unknown}
 n - a potion of heal wounds {unknown}
 q - a potion of ambrosia {unknown}
 r - a potion of lignification {unknown}
 s - a potion of might {unknown}
 t - 2 potions of curing {unknown}
 u - a potion of cancellation {unknown}
Books
 v - a book of Conjurations

   Spells                             Type                      Level
   a - Magic Dart                     Conjuration                  1
   b - Searing Ray                    Conjuration                  2
   c - Dazzling Spray                 Conjuration/Hexes            3
   d - Fulminant Prism                Conjuration/Hexes            4
   e - Force Lance                    Conjuration/Translocation    4
   f - Iskenderun's Mystic Blast      Conjuration                  4
   Trog disapproves of the use of such an item.
Comestibles
 c - 9 rations


   Skills:
 + Level 5.3 Fighting
 + Level 6.1 Axes
 + Level 2.4 Armour
 + Level 3.8 Dodging
 + Level 0.8 Stealth


You had 6 spell levels left.
You didn't know any spells.

Dungeon Overview and Level Annotations

Branches:
Dungeon (6/15)
 Temple: D:4-7

Altars:
Nemelex Xobeh
Uskayaw

Shops:
D:4 }


Innate Abilities, Weirdness & Mutations

You are resistant to torment.
Your stone body is resilient. (AC +4)
You are immune to poison.
You resist negative energy. (rN+)
You are resistant to electric shocks. (rElec)
You can survive without breathing.
You are immune to petrification.
You are immune to rotting.


Message History

You are near starving!
The orc warrior barely misses you. The orc completely misses you.
You slash the orc!
You kill the orc!
Trog accepts your kill.
You closely miss the orc warrior. You slash the orc!
You kill the orc!
Trog accepts your kill.
The orc warrior hits you with an enchanted flail!
* * * LOW HITPOINT WARNING * * *
Things that are here:
a flail; a chain mail Unknown command.
You closely miss the orc warrior. The orc warrior closely misses you.
You slash the orc warrior!
The orc warrior is moderately wounded.
You closely miss the orc warrior.
The orc warrior is moderately wounded.
The orc warrior hits you with an enchanted flail!
You die...

#. . . # # .##
.## ###.####.#
...#
.........##..#
......o@)....#
.##.###)<##.##
#.## #.# .#.
.# # ##


You could see an orc warrior.

Vanquished Creatures
  Eustachio (D:4)
  The ghost of pkoi the Caller, an amateur DrSu of Vehumet (D:5)
  A centaur (D:5)
  A scorpion (D:4)
  A centaur zombie (D:5)
  3 orc wizards
  A worker ant (D:4)
  A hound skeleton (D:4)
  A worker ant zombie (D:6)
  4 gnolls (D:4)
  6 adders
  A shadow imp (D:5)
  An ooze (D:2)
  An adder zombie (D:5)
  2 worms (D:2)
  3 dart slugs
  3 leopard geckos
  18 orcs
  A ball python (D:3)
  7 bats
  6 giant cockroaches
  6 goblins
  6 hobgoblins
  5 jackals (D:3)
  2 quokkas
  4 frilled lizards
  4 kobolds
  2 rats (D:1)
93 creatures vanquished.

Notes
Turn   | Place    | Note
-------+----------+-------------------------------------------
     0 | D:1      | Fang the Gargoyle Berserker began the quest for the Orb.
     0 | D:1      | Reached XP level 1. HP: 14/14 MP: 1/1
   290 | D:1      | You fall through a shaft!
   310 | D:2      | Found a hide-covered altar of Uskayaw.
   327 | D:2      | Reached XP level 2. HP: 13/19 MP: 2/2
   453 | D:2      | Reached skill level 3 in Axes
   709 | D:2      | Reached XP level 3. HP: 24/24 MP: 3/3
   958 | D:2      | Found a sparkling altar of Nemelex Xobeh.
  1427 | D:1      | Reached ** piety under Trog
  1644 | D:1      | Reached XP level 4. HP: 23/29 MP: 4/4
  2180 | D:3      | Reached XP level 5. HP: 33/33 MP: 5/5
  2180 | D:3      | Reached skill level 4 in Axes
  3185 | D:4      | Reached XP level 6. HP: 39/39 MP: 6/6
  3188 | D:4      | Reached *** piety under Trog
  3398 | D:4      | Reached skill level 5 in Axes
  3505 | D:4      | Found Lulibrin's Gadget Emporium.
  3523 | D:4      | Noticed Eustachio
  3551 | D:4      | Killed Eustachio
  3551 | D:4      | Reached XP level 7. HP: 19/44 MP: 7/7
  4289 | D:5      | Entered Level 5 of the Dungeon
  4394 | D:5      | Noticed pkoi's ghost (amateur DrSu)
  4416 | D:5      | Reached skill level 5 in Fighting
  4435 | D:5      | Killed pkoi's ghost
  4435 | D:5      | Reached skill level 6 in Axes
  4867 | D:6      | Slain by an orc warrior

Skill      XL: |  1  2  3  4  5  6  7 |
---------------+----------------------+-----
Axes           | 3 4 5 6 |  6.1
Fighting       | 4 5 |  5.3
Dodging        | 2 3 |  3.8
Armour         | |  2.4
Stealth        | |  0.8

Action                   |  1- 3 |  4- 6 |  7- 9 || total
-------------------------+-------+-------+-------++-------
Melee: Hand axe          |   127 |   178 |    82 ||   387
Invok: Berserk           |     1 |     4 |     3 ||     8
       Burn Spellbooks   |       |     1 |       ||     1
 Stab: Sleeping          |       |       |     1 ||     1
  Eat: Chunk             |     3 |     9 |     3 ||    15
       Ration            |       |       |     1 ||     1
Armor: Animal skin       |    51 |    69 |    35 ||   155
Dodge: Dodged            |   104 |   136 |    63 ||   303
